 Dungeon Crawl Stone Soup version 0.31-a0-176-g91f28db67f (webtiles) character file.

Game seed: 6125092169369207912

1 MacCMillion the Sneak (level 1, 16/16 HPs)
             Began as a Demonspawn Brigand on June 18, 2023.
             Quit the game on level 1 of the Dungeon.
             The game lasted 00:00:10 (107 turns).

MacCMillion the Sneak (Demonspawn Brigand)           Turns: 107, Time: 00:00:10

Health: 16/16      AC:  3    Str: 11    XL:     1   Next: 16%
Magic:  1/1        EV: 11    Int: 12    God:
Gold:   22         SH:  0    Dex: 14    Spells: 0/0 levels left

rFire   . . .        a - +2 dagger
rCold   . . .        (no shield)
rNeg    . . .        b - +0 robe
rPois   .            (no helmet)
rElec   .            c - +0 cloak
rCorr   .            (no gloves)
SInv    .            (no boots)
Will    .....        (no amulet)
Stlth   ++           (no ring)
HPRegen 0.22/turn    (no ring)
MPRegen 0.07/turn

%: no passive effects
@: no status effects
A: no striking features
a: no special abilities


You were on level 1 of the Dungeon.
You visited 1 branch of the dungeon, and saw 1 of its levels.

You collected 22 gold pieces.

Inventory:

Hand Weapons
 a - a +2 dagger (weapon)
Missiles
 d - 14 poisoned darts (quivered)
 e - 3 curare-tipped darts
Armour
 b - a +0 robe (worn)
 c - a +0 cloak (worn)


   Skills:
 + Level 2.0 Fighting
 + Level 1.8 Short Blades
 + Level 1.8 Throwing
 + Level 0.9 Dodging
 + Level 3.6 Stealth


You couldn't memorise any spells.
You didn't know any spells.
Your spell library contained the following spells:

 Spells                   Type           Power      Damage    Failure   Level
 Scorch                   Fire           0%         2d5       45%         2
 Ignite Poison            Fire/Tmut/Pois 0%         N/A       69%         3
 Summon Guardian Golem    Hex/Summ       0%         N/A       69%         3


Dungeon Overview and Level Annotations

Branches:
Dungeon (1/15)

Altars:


Message History

Welcome, MacCMillion the Demonspawn Brigand.
Will you prevail where others failed? Will you find the Orb of Zot?
Press ? for a list of commands and other information.
Found 4 gold pieces and a leather armour.
Found a staircase leading out of the dungeon.
You now have 4 gold pieces.
You see here a +0 leather armour.
Found 2 stones.
You now have 7 gold pieces (gained 3).
You see here 2 stones.
d - 14 poisoned darts (gained 5)
There is a shaft here.
There is an empty arch of ancient stone here.
You pick up the Directory of Tropical Glamour and begin reading...
You add the spells Scorch, Ignite Poison and Summon Guardian Golem to your library.
Found a stone staircase leading down.
You now have 16 gold pieces (gained 9).
Found a leather armour.
Found 5 large rocks.
You now have 22 gold pieces (gained 6).
You see here 5 large rocks.
A bat comes into view.
A bat is nearby!
The bat barely misses you. x2
You closely miss the bat. The bat barely misses you.
The bat closely misses you.
You hit the bat.
You kill the bat!
No target in view!
Are you sure you want to abandon this character and quit the game? (Confirm with "yes".)

########
#......#
#......# #
#......# .#
#......# .
#..@...#
###.####
##.########
#.......... #.
..####..........
##....
................
...###..
#.#####.########
###....# #.#
....# #.#


There were no monsters in sight!

Vanquished Creatures
  A bat (D:1)
1 creature vanquished.

Notes
Turn   | Place    | Note
-------+----------+-------------------------------------------
     0 | D:1      | MacCMillion the Demonspawn Brigand began the quest for the
                  | Orb.
     0 | D:1      | Reached XP level 1. HP: 16/16 MP: 1/1
    46 | D:1      | Got the Directory of Tropical Glamour
   107 | D:1      | Quit the game

Illustrated notes

Levels and vault maps discovered:
D:1:      nzn_arrival_settlement, layout_rooms,
          hellmonk_ecumenical_altar_inner_sanctum, hex_intersection

Action                     || total
---------------------------++-------
  Melee: Dagger            ||     2
  Dodge: Dodged            ||     4

Table legend: (Time is in decaauts)
 A = Elapsed time spent in this place.
 B = Non-inter-level travel time spent in this place.
 C = Inter-level travel time spent in this place.
 D = Time resting spent in this place.
 E = Time spent auto-exploring this place.
 F = Levels seen in this place.
 G = Mean time per level.
                   A        B        C        D        E       F      G
               +--------+--------+--------+--------+--------+-----+--------+
         Total |    106 |    106 |      0 |      0 |     95 |   1 |  106.0 |
       Dungeon |    106 |    106 |      0 |      0 |     95 |   1 |  106.0 |
               +--------+--------+--------+--------+--------+-----+--------+

Top non-repeatable levels by time:
     D:1: 106 daAuts
